[Event "*** Titled Tuesday Blitz"]
[Site "Chess.com"]
[Date "2020.04.28"]
[Round "1"]
[White "nabukatnezarr"]
[Black "Grootneus"]
[Result "1/2-1/2"]
[WhiteElo "2521"]
[BlackElo "2180"]
[TimeControl "180+1"]
[EndTime "10:07:28 PDT"]
[Termination "Game drawn by repetition"]

1. d4 d5 2. Bf4 Nf6 3. e3 e6 4. Nf3 Bd6 5. Bg3 b6 6. Nbd2 O-O 7. Bd3 Ba6 8. O-O c5 9. Bxa6 Nxa6 10.
Qe2 Nb8 11. dxc5 bxc5 12. Bxd6 Qxd6 13. e4 Qb6 14. c4 d4 15. e5 Nfd7 16. b3 Nc6 17.
Qe4 h6 18. Rfe1 a5 19. Rab1 a4 20. bxa4 Qc7 21. Rb5 Rxa4 22. Nb3 Rb8 23. Nxc5 Rxb5 24.
Nxa4 Ra5 25. Nb2 Rxa2 26. Nd3 Rc2 27. Rc1 Rxc1+ 28. Nxc1 Ndxe5 29. Nxd4 Nxd4 30. Qxd4 Qxc4 31. Qxc4 Nxc4 32. h4 h5 33. g3 f6 34. Nd3 Kf7 35. Nf4 g6 36. Kg2 e5 37. Ne2 Ke6 38. Kf3 f5 39. Nc3 Nb2 40. Ke3 Nc4+ 41. Kf3 Nb2 42. Ke3 Kd6 43. Kd2 Kc5 44. Ke3 Nc4+ 45. Kf3 Kd4 46.
Nb5+ Kd5 47. Nc7+ Kd6 48. Nb5+ Ke7 49. Nc3 Kf6 50. Nd5+ Ke6 51. Nc3 1/2-1/2

[Event "*** Titled Tuesday Blitz"]
[Site "Chess.com"]
[Date "2020.04.28"]
[Round "1"]
[White "NFChess13"]
[Black "dzhumagaliev"]
[Result "0-1"]
[WhiteElo "2399"]
[BlackElo "2750"]
[TimeControl "180+1"]
[EndTime "10:07:29 PDT"]
[Termination "dzhumagaliev won by resignation"]

1. e4 c5 2. Nf3 Nc6 3. Bb5 e6 4. Bxc6 bxc6 5. b3 Ne7 6. O-O Ng6 7. d3 e5 8. Bb2 d6 9. Nbd2 Be7 10.
Nc4 O-O 11. Bc1 f5 12. Nfd2 Be6 13. Qe1 Qd7 14. a4 fxe4 15. dxe4 Nf4 16. Ne3 Bf7 17. Ndc4 Bg6 18. f3 Qe6 19. Bb2 Bf6 20. Ng4 Be7 21. Nge3 h6 22. Rd1 h5 23. Qd2 Rad8 24. Qf2 Bf6 25.
Rfe1 d5 26. Nd2 c4 27. bxc4 d4 28. Nef1 c5 29. Rb1 Be7 30. Bc1 Rb8 31. Ba3 Bf7 32. Rb3 Qg6 33. Kh1 Be6 34. Reb1 Rxb3 35. Rxb3 Bh4 36.
g3 Nh3 37. Qe2 Be7 38. Rb7 Bg5 39. Bxc5 Rc8 40. Bxa7 h4 41. c5 Bxd2 42. Qxd2 Bc4 43. Kg2 Bxf1+ 44. Kxf1 Qa6+ 45. Rb5 Qxa7 46. Qb4 Ng5 47. Kg2 Qf7 48. Qb3 h3+ 49. Kf2 Nxe4+ 50. Ke1 Nxc5 51. Qxf7+ Kxf7 52. a5 Ke6 0-1

[Event "*** Titled Tuesday Blitz"]
[Site "Chess.com"]
[Date "2020.04.28"]
[Round "1"]
[White "ZEN-22"]
[Black "BillCoe"]
[Result "1-0"]
[WhiteElo "2500"]
[BlackElo "2065"]
[TimeControl "180+1"]
[EndTime "10:07:29 PDT"]
[Termination "ZEN-22 won on time"]

1. d3 g6 2. h4 h6 3. h5 g5 4. f4 gxf4 5. Bxf4 d6 6. e4 Nc6 7.
Nc3 e5 8. Be3 Nf6 9. Nf3 Bg4 10.
Be2 Qd7 11. Nh4 Bxe2 12. Qxe2 Qg4 13. Nf5 Qxe2+ 14. Nxe2 O-O-O 15. Kd2 Ng4 16. Raf1 Nxe3 17. Kxe3 Rh7 18. c4 Ne7 19. Neg3 Rd7 20. Ke2 c6 21. Rf3 Kc7 22. Rhf1 a6 23. b3 Ng8 24. Ne3 Kd8 25. Kf2 Ke8 26. Kg1 Be7 27. Ng4 Bg5 28. Kh2 Ke7 29.
Kh3 Ke8 30. Nf5 Ne7 31. Nxe7 Kxe7 32. g3 Ke6 33. Rf5 Ke7 34. Nh2 f6 35. Nf3 Rg7 36.
Nxg5 fxg5 37. Kg4 Ke8 38. Rf8+ Ke7 39. R8f6 Rh7 40. R1f5 Ke8 41. Rg6 Rdg7 42. Rxd6 Rd7 43. Rxe5+ Kd8 44. Rg6 Rxd3 45. Rg8+ Kc7 46. Re6 1-0

[Event "*** Titled Tuesday Blitz"]
[Site "Chess.com"]
[Date "2020.04.28"]
[Round "1"]
[White "Paralinch"]
[Black "MartinMatthiesen"]
[Result "0-1"]
[WhiteElo "2913"]
[BlackElo "2473"]
[TimeControl "180+1"]
[EndTime "10:07:30 PDT"]
[Termination "MartinMatthiesen won by resignation"]

1. e4 c5 2. Nf3 d6 3. d4 cxd4 4.
Nxd4 Nf6 5. Nc3 a6 6. h3 e6 7. g4 Nfd7 8. Be3 Be7 9. Qe2 Nc6 10. O-O-O Qc7 11. f4 b5 12. a3 Bb7 13. Kb1 Rc8 14. Qf2 Na5 15. Bc1 O-O 16. g5 Nc4 17. Bxc4 Qxc4 18.
Rhe1 Rfe8 19. h4 b4 20. axb4 Qxb4 21. Nb3 Nc5 22. Qd4 a5 23. Qxb4 axb4 24. Nb5 Bxe4 25. Nxc5 Bxc2+ 26. Kxc2 Rxc5+ 27. Nc3 bxc3 28. bxc3 d5 29.
Be3 Rc4 30. Kd3 Rec8 31. Rc1 Bc5 32. f5 Rxh4 33. fxe6 fxe6 34. Bxc5 Rxc5 35. Rxe6 Rcc4 36. Rf1 Rh3+ 37. Kd2 Rh2+ 38. Kd3 Rh3+ 39. Kd2 Rh2+ 40.
Kd1 Re4 41. Rd6 Re8 42. Rxd5 Rg2 43. Re1 Ra8 44. Rd2 Ra1+ 45. Kc2 Ra2+ 46. Kb3 Raxd2 47. Re8+ Kf7 48. Rc8 Rxg5 49. Rc7+ Kg6 50. c4 Rd3+ 51.
Kb4 Rd4 52. Kc3 Rgg4 53. c5 Rc4+ 54. Kd3 Rgd4+ 55. Ke3 Rd5 0-1

[Event "*** Titled Tuesday Blitz"]
[Site "Chess.com"]
[Date "2020.04.28"]
[Round "1"]
[White "aridannie"]
[Black "Koksik_13"]
[Result "0-1"]
[WhiteElo "2371"]
[BlackElo "2711"]
[TimeControl "180+1"]
[EndTime "10:07:30 PDT"]
[Termination "Koksik_13 won by resignation"]

1. e4 e6 2. d4 d5 3. Nd2 Nf6 4. e5 Nfd7 5. Bd3 c5 6. c3 Nc6 7.
Ne2 cxd4 8. cxd4 f6 9. exf6 Qxf6 10. Nf3 h6 11. O-O Bd6 12. Ng3 O-O 13. a3 Rf7 14. Bc2 Nf8 15. Qd3 Bd7 16. b4 a6 17. Bb2 Be8 18. Rae1 Rc7 19. Bb1 Rac8 20. Ne5 Qh4 21. Re3 Bxe5 22. dxe5 Bg6 23. Qe2 Bxb1 24. Rxb1 Ng6 25. Re1 Nce7 26. Qd1 Nf4 27. Ne2 Nf5 28. Nxf4 Qxf4 29. Rf3 Qg4 30. h3 Qg6 31. Kh1 Rc2 32.
Ba1 Ra2 33. Rc3 Rxc3 34. Bxc3 Rxf2 35. Qg4 Qxg4 36. hxg4 Ng3+ 37. Kh2 Ne4 38. Bd4 Rd2 39. Be3 Rd3 40. a4 Rb3 41. Bc5 a5 42. Rc1 axb4 43. Bd6 Rc3 44. Rb1 b3 45. Bb4 Rd3 46.
a5 d4 47. Ba3 Nd2 48. Rb2 Nc4 0-1

[Event "*** Titled Tuesday Blitz"]
[Site "Chess.com"]
[Date "2020.04.28"]
[Round "1"]
[White "olomi007"]
[Black "gui_borba"]
[Result "0-1"]
[WhiteElo "2654"]
[BlackElo "2356"]
[TimeControl "180+1"]
[EndTime "10:07:30 PDT"]
[Termination "gui_borba won by checkmate"]

1. e4 c6 2. d4 d5 3. Nc3 dxe4 4. Nxe4 Nf6 5. Nxf6+ exf6 6. c3 Bd6 7. Bd3 O-O 8.
Qc2 Re8+ 9. Ne2 h5 10. O-O Nd7 11. Bf4 Nf8 12. Bxd6 Qxd6 13. Rad1 a5 14. c4 Be6 15.
Nc3 Rad8 16. d5 Bg4 17. f3 Bd7 18. Ne4 Qb8 19. d6 f5 20. Ng5 Qxd6 21. c5 Qf6 22. f4 Ne6 23. Bxf5 Nd4 24. Bh7+ Kf8 25. Qc4 Bg4 26. Bb1 Kg8 27. Ne4 Rxe4 28. Bxe4 Bxd1 29. Rxd1 Qxf4 30. Rf1 Qxe4 31. Qxf7+ Kh8 32. Qxh5+ Qh7 33.
Qg5 Re8 34. h3 Qh6 35. Qg4 Qe3+ 36. Kh1 Ne2 37. Rf7 Ng3+ 38. Kh2 Qe5 39. Qh4+ Kg8 40. Rf4 Ne2 41. g3 Nxf4 42. gxf4 Qe2+ 43. Kg3 Re3# 0-1

[Event "*** Titled Tuesday Blitz"]
[Site "Chess.com"]
[Date "2020.04.28"]
[Round "1"]
[White "Ghost_Pepper"]
[Black "kingmonkey2006"]
[Result "0-1"]
[WhiteElo "2269"]
[BlackElo "2602"]
[TimeControl "180+1"]
[EndTime "10:07:30 PDT"]
[Termination "kingmonkey2006 won by resignation"]

1. e4 c5 2. Nf3 d6 3. d4 cxd4 4. Nxd4 Nf6 5. Nc3 a6 6. h3 e5 7. Nde2 Be7 8. g4 h6 9. Bg2 O-O 10.
O-O Nc6 11. Ng3 Ne8 12. Nf5 Bg5 13. Bxg5 hxg5 14. Nd5 g6 15. Nfe3 Ng7 16. c3 Ne6 17. Qf3 Nf4 18. Nxf4 gxf4 19. Nd5 Be6 20. Rad1 b5 21.
Rd2 Bxd5 22. Rxd5 Ne7 23. Rd2 Qc7 24. Rfd1 Rfd8 25. g5 Kg7 26. h4 a5 27. h5 Ra6 28.
h6+ Kh7 29. Bf1 Rb6 30. Qe2 Ng8 31. Rd5 Qe7 32. Qg4 f6 33. a4 fxg5 34. R1d3 Nxh6 35. Rh3 Kg7 36. Rxh6 Kxh6 37. axb5 Kg7 38. c4 Rh8 39. c5 Rh4 40. Qxh4 gxh4 41. cxb6 g5 42. Bh3 f3 43. Bg4 h3 44. Bxf3 Qd8 45. b7 Qc7 46.
Bg4 Qxb7 47. Bxh3 Qc7 48. Kg2 Kf6 49. Bf5 Ke7 50. Kg3 Qc1 51. Rd3 Qxb2 52. Kg4 Qxb5 53. Rh3 Qe2+ 54. f3 Qg2+ 55. Rg3 Qh2 56. Rh3 Qf4+ 57.
Kh5 Kf6 58. Kh6 g4+ 0-1

[Event "*** Titled Tuesday Blitz"]
[Site "Chess.com"]
[Date "2020.04.28"]
[Round "1"]
[White "Sibelephant"]
[Black "IljaJoke"]
[Result "1-0"]
[WhiteElo "3199"]
[BlackElo "2469"]
[TimeControl "180+1"]
[EndTime "10:07:31 PDT"]
[Termination "Sibelephant won by resignation"]

1. d4 Nf6 2. Nf3 g6 3. Bg5 Bg7 4. Nbd2 O-O 5. e3 d5 6. Be2 Re8 7. O-O Nc6 8. c4 e5 9. cxd5 Qxd5 10. e4 Qd8 11. d5 Nd4 12. Rc1 Nxe2+ 13. Qxe2 Bd7 14. Rfd1 h6 15. Bh4 g5 16. Bg3 Nh5 17. Nc4 Nf4 18. Qc2 Bg4 19. Ne3 Bxf3 20. gxf3 Rc8 21. Nf5 Bf8 22. Kh1 Kh7 23. h4 Bd6 24. Rg1 Rg8 25. Bxf4 gxf4 26. Rxg8 Kxg8 27. Rg1+ Kh8 28.
Qd3 Qf6 29. Qb5 Rb8 30. Rg4 a6 31. Qc4 b5 32. Qc6 a5 33. Kh2 a4 34. Kh3 Kh7 35. Qd7 Rd8 36. Qxb5 a3 37. bxa3 Bxa3 38. Qc6 Bd6 39. a4 Kh8 40. a5 Rb8 41. a6 Rb1 42. Qa8+ 1-0

[Event "*** Titled Tuesday Blitz"]
[Site "Chess.com"]
[Date "2020.04.28"]
[Round "1"]
[White "RubensCezila"]
[Black "Zhuu96"]
[Result "0-1"]
[WhiteElo "2462"]
[BlackElo "2964"]
[TimeControl "180+1"]
[EndTime "10:07:31 PDT"]
[Termination "Zhuu96 won by resignation"]

1. c4 Nf6 2. Nc3 e6 3. e3 c5 4. Nf3 b6 5. g3 Bb7 6. Bg2 Be7 7. O-O O-O 8. d4 cxd4 9. exd4 d5 10. Ne5 Na6 11. Re1 Nc7 12. Bf4 Qc8 13. Rc1 dxc4 14.
Bxb7 Qxb7 15. Nxc4 Ncd5 16. Be5 Rac8 17. Nd6 Bxd6 18. Bxd6 Rfe8 19. Qf3 Qc6 20. Be5 Nxc3 21. Qxc6 Rxc6 22. Rxc3 Rxc3 23. bxc3 Nd7 24. Bd6 Rc8 25.
d5 e5 26. f4 exf4 27. gxf4 Nf6 28. Re7 Nxd5 29. Rxa7 Nxc3 30. Rb7 Nxa2 31. Rxb6 Nc3 32.
Rb8 Rxb8 33. Bxb8 f5 34. Kf2 Nd5 35. Be5 Kf7 36. h3 g6 37. Kf3 Ke6 38. Bd4 Nb4 39.
Be5 Kd5 40. Bg7 Nd3 41. Kg3 Ke4 42. Bh6 Ke3 43. h4 Ke4 44. Bg5 h5 45. Bh6 Ke3 46.
Bg5 Nc5 47. Bh6 Ne4+ 48. Kg2 Nc3 49. Kh3 Ne2 50. Kg2 Ke4 51. Bg5 Nxf4+ 52. Kg3 Nd5 53. Bd2 f4+ 54. Kg2 Ne3+ 0-1

[Event "*** Titled Tuesday Blitz"]
[Site "Chess.com"]
[Date "2020.04.28"]
[Round "1"]
[White "YoungUzbek"]
[Black "IlzeBerzina"]
[Result "1-0"]
[WhiteElo "2524"]
[BlackElo "2151"]
[TimeControl "180+1"]
[EndTime "10:07:31 PDT"]
[Termination "YoungUzbek won by resignation"]

1. e4 e5 2. Nf3 Nc6 3. Bb5 g6 4. d4 exd4 5. Bg5 Be7 6. Bxe7 Qxe7 7. Bxc6 dxc6 8. Qxd4 Nf6 9. Nc3 Bg4 10. O-O-O Bxf3 11. gxf3 O-O 12. Qe3 Rfd8 13. f4 a5 14. f5 Rxd1+ 15.
Rxd1 Rd8 16. Rxd8+ Qxd8 17. fxg6 hxg6 18. h3 b5 19. Ne2 Qe7 20. f4 Nd5 21. Qd4 Nf6 22.
e5 Nd5 23. Qf2 Qb4 24. f5 Qe4 25. fxg6 fxg6 26. Nd4 Qxe5 27. Nxc6 Qe4 28. Kd2 Nb6 29. Nd4 Nc4+ 30. Kc3 c5 31. Nxb5 Ne5 32. Qxc5 Qf3+ 33. Kd4 Qf2+ 34. Kd5 Qd2+ 35. Kxe5 Qg5+ 36. Kd6 Qd8+ 37.
Kc6 Qc8+ 38. Nc7 Qxh3 39. Qd5+ Kg7 40. Qd7+ Qxd7+ 41. Kxd7 g5 42. Ne6+ Kf6 43. Nxg5 Kxg5 44. c4 Kf4 45. c5 Ke5 46. c6 Kd4 47. c7 Kd3 48. c8=Q 1-0

[Event "*** Titled Tuesday Blitz"]
[Site "Chess.com"]
[Date "2020.04.28"]
[Round "1"]
[White "Zhani-Z"]
[Black "bmt011"]
[Result "1-0"]
[WhiteElo "2486"]
[BlackElo "2008"]
[TimeControl "180+1"]
[EndTime "10:07:31 PDT"]
[Termination "Zhani-Z won on time"]

1. e4 e6 2. d4 d5 3. Bd3 Nc6 4. Nf3 Nb4 5. Nc3 Nf6 6. e5 Nxd3+ 7. Qxd3 Nd7 8. Bg5 Be7 9. Bxe7 Qxe7 10. h4 a6 11. h5 h6 12. Rh4 c5 13. O-O-O b5 14.
Rg4 Kf8 15. Qe3 b4 16. Ne2 a5 17. Nf4 a4 18. Nh4 Kg8 19. Qg3 Rh7 20. Nxd5 exd5 21. Nf5 Qf8 22. Qf4 Kh8 23. Nd6 f6 24. e6 Nb6 25. dxc5 Bxe6 26. Rg3 Nc4 27. Nxc4 dxc4 28. Re1 Bf7 29. c6 b3 30. a3 c3 31. c7 cxb2+ 32.
Kxb2 bxc2 33. Rc3 Rc8 34. Rc1 1-0

[Event "*** Titled Tuesday Blitz"]
[Site "Chess.com"]
[Date "2020.04.28"]
[Round "1"]
[White "Malysch"]
[Black "Keranke"]
[Result "0-1"]
[WhiteElo "2402"]
[BlackElo "2763"]
[TimeControl "180+1"]
[EndTime "10:07:32 PDT"]
[Termination "Keranke won on time"]

1. d4 d5 2. c4 e6 3. Nf3 a6 4. Nbd2 Nf6 5. g3 Be7 6. Bg2 O-O 7. O-O c5 8. cxd5 exd5 9. dxc5 Bxc5 10. Nb3 Be7 11.
Nfd4 Nc6 12. Bf4 Re8 13. Rc1 Qb6 14. Nxc6 bxc6 15. Be3 Qc7 16. Bc5 Bg4 17. Re1 Rab8 18. Qd2 Ne4 19. Bxe4 dxe4 20. Bxe7 Rxe7 21. Qe3 Be6 22.
Nd4 Bd5 23. b3 Rc8 24. Red1 Re5 25. Qf4 h6 26. Nxc6 Bxc6 27. Rxc6 Qxc6 28. Qxe5 Qc2 29. Rd7 Qxe2 30. Qf4 Rf8 31. a4 Qe1+ 32. Kg2 Qb4 33. a5 Qb5 34. Re7 Qxb3 35. Qxe4 Qa3 36. Qe5 Qa2 37.
h4 Qc4 38. Kh2 Qc6 39. Rc7 Qf3 40. Qf4 Qd1 41. Qe5 Qd2 42. Qf4 Qxa5 43. Rb7 Qc3 44. Rb8 Qc5 0-1

[Event "*** Titled Tuesday Blitz"]
[Site "Chess.com"]
[Date "2020.04.28"]
[Round "1"]
[White "Ali_rastbod"]
[Black "tylityli"]
[Result "0-1"]
[WhiteElo "2590"]
[BlackElo "2300"]
[TimeControl "180+1"]
[EndTime "10:07:32 PDT"]
[Termination "tylityli won by resignation"]

1. c4 e5 2. Nc3 Nf6 3. g3 Nc6 4. Bg2 Be7 5. Nf3 d6 6. O-O Be6 7. b3 h6 8. d4 exd4 9. Nxd4 Nxd4 10. Qxd4 c6 11. Bb2 O-O 12. Rad1 Ne8 13. e4 Qd7 14. f4 Bd8 15. f5 Bb6 16. fxe6 Bxd4+ 17. Rxd4 Qxe6 18. Rfd1 Rd8 19. Ne2 Nf6 20. Nf4 Qe5 21.
R4d2 Qc5+ 22. Bd4 Qa5 23. Bxf6 gxf6 24. Bf3 f5 25. exf5 Qxf5 26. Kg2 Rfe8 27. Rf2 Qg5 28.
Rfd2 Re7 29. Rxd6 Rxd6 30. Rxd6 Qe5 31. Rxh6 Qb2+ 32. Kh3 Qxa2 33. Rd6 Qxb3 34. Bg4 Qe3 35. Nh5 Qe5 36. c5 Qxc5 37. Nf6+ Kg7 38. Nh5+ Kf8 39. Rh6 Qe5 40. Nf6 Kg7 41. Rh5 Qxf6 42. Bf5 Re5 43. g4 Re3+ 0-1

[Event "*** Titled Tuesday Blitz"]
[Site "Chess.com"]
[Date "2020.04.28"]
[Round "1"]
[White "ferdipy"]
[Black "HaryKane"]
[Result "0-1"]
[WhiteElo "2281"]
[BlackElo "2605"]
[TimeControl "180+1"]
[EndTime "10:07:32 PDT"]
[Termination "HaryKane won by resignation"]

1. e4 e6 2. d4 d5 3. e5 c5 4. c3 Nc6 5. Nf3 Qb6 6. a3 f6 7. exf6 Nxf6 8. b4 cxd4 9. cxd4 Bd6 10. Bd3 O-O 11. O-O Bd7 12. Nc3 Rae8 13. Re1 e5 14.
dxe5 Nxe5 15. Nxe5 Bxe5 16. Rxe5 Rxe5 17. Bf4 Ree8 18.
Qc2 Rc8 19. Qd2 Be8 20. Re1 Bh5 21. Be3 Qc7 22. Nb5 Qd7 23. Nxa7 Rcd8 24. Nb5 Ne4 25. Qc2 Rc8 26. Qb3 Bg6 27. a4 Kh8 28. h3 Rfe8 29. Rd1 Qe6 30. Nd4 Qf7 31. Be2 Nf6 32.
Bf3 Be4 33. Be2 Qg6 34. Bf1 Rc7 35. Ne2 Rec8 36. Nf4 Qf5 37. b5 Bc2 38. Bd3 Bxb3 39. Bxf5 Bxd1 40. Bxc8 Rxc8 41. a5 Ba4 42. b6 Bc6 43.
Nd3 Ra8 44. Bd2 Ne4 45. Bb4 Bb5 46. Ne5 Ba6 47. Nd7 Kg8 48. f3 Nf6 49. Nc5 g6 50.
Bc3 Kf7 51. Be5 Rc8 52. Nd3 Ke6 53. f4 Bxd3 0-1

[Event "*** Titled Tuesday Blitz"]
[Site "Chess.com"]
[Date "2020.04.28"]
[Round "1"]
[White "madalin18"]
[Black "Feegus"]
[Result "1-0"]
[WhiteElo "2098"]
[BlackElo "2486"]
[TimeControl "180+1"]
[EndTime "10:07:32 PDT"]
[Termination "madalin18 won by resignation"]

1. e4 e6 2. d4 d5 3. Nc3 Nf6 4. e5 Nfd7 5. f4 c5 6. Nf3 Nc6 7. Be3 cxd4 8. Nxd4 Bc5 9. Na4 Bb4+ 10. c3 Be7 11. Bd3 O-O 12. O-O a6 13. Qh5 g6 14.
Qh6 Nxd4 15. cxd4 Re8 16. Rf3 Bf8 17. Qh3 Bg7 18. g4 b5 19. Nc3 b4 20. Ne2 a5 21. f5 Ba6 22. Bxa6 Rxa6 23. f6 Bh8 24.
Qh4 Rc6 25. Rh3 Nf8 26. Bh6 g5 27. Bxg5 Rc2 28. Nf4 Qb6 29. Rd1 Rec8 30. Bh6 Ng6 31. Nxg6 fxg6 32. Bg7 h5 33. Qg5 R2c7 34. Qxg6 Bxg7 35.
Rxh5 Qb5 36. Qh7+ Kf8 37. fxg7+ Rxg7 38. Rf1+ Ke8 39. Qxg7 1-0

[Event "*** Titled Tuesday Blitz"]
[Site "Chess.com"]
[Date "2020.04.28"]
[Round "1"]
[White "Tiqr777"]
[Black "Ceejay271"]
[Result "0-1"]
[WhiteElo "2589"]
[BlackElo "2307"]
[TimeControl "180+1"]
[EndTime "10:07:33 PDT"]
[Termination "Ceejay271 won by resignation"]

1. g3 d5 2. Bg2 Nf6 3. c4 e6 4.
Qc2 Be7 5. Nf3 O-O 6. O-O c5 7. b3 Nc6 8. Bb2 d4 9. a3 a5 10. d3 e5 11. Nbd2 Bf5 12. Ne4 Nxe4 13. dxe4 Be6 14. Ne1 a4 15. bxa4 Na5 16. Nd3 Nxc4 17. Bc1 Qa5 18. f4 f6 19. Rb1 b6 20. Bh3 Bxh3 21.
Qxc4+ Kh8 22. Rd1 Qxa4 23. Qxa4 Rxa4 24. Rxb6 c4 25. Nb2 Rxa3 26. Nxc4 Rc3 27. Nd2 Bc5 28.
Rb7 d3+ 29. e3 Bxe3+ 30. Kh1 exf4 31. gxf4 Bxf4 32. Nb3 Bg4 33. Bxf4 Bxd1 34. Nd2 g5 35. Be3 Rc2 36. Kg2 f5 37. exf5 Rxf5 38. Kg3 h5 39.
h4 gxh4+ 40. Kxh4 Kg8 41. Rd7 Be2 42. Ne4 Rc4 43. Bd4 Rf4+ 44. Kg5 Rxe4 45. Rg7+ Kf8 46. Bf6 Rg4+ 0-1

[Event "*** Titled Tuesday Blitz"]
[Site "Chess.com"]
[Date "2020.04.28"]
[Round "1"]
[White "MFguimaraes"]
[Black "rpragchess"]
[Result "0-1"]
[WhiteElo "2427"]
[BlackElo "2809"]
[TimeControl "180+1"]
[EndTime "10:07:35 PDT"]
[Termination "rpragchess won by checkmate"]

1. e4 c5 2. Nf3 e6 3. g3 Nc6 4. Bg2 Nf6 5. Nc3 d6 6. O-O Be7 7. Re1 O-O 8. e5 dxe5 9. Nxe5 Nxe5 10. Rxe5 Qc7 11. Re1 Bd7 12. d3 Bc6 13. Bf4 Qb6 14. Bxc6 Qxc6 15. Ne4 Nd5 16. Qf3 Rae8 17. Be5 f6 18.
Bc3 e5 19. Nd2 Bd6 20. Nc4 Bc7 21. a4 Qd7 22. Re2 b6 23. Bd2 a6 24. a5 b5 25.
Nb6 Bxb6 26. axb6 Nxb6 27. Rxa6 Nd5 28. c4 bxc4 29. dxc4 Ne7 30. Be3 Qd3 31. Rd2 Qxc4 32. Ra7 e4 33. Qh5 Nc6 34. Rc7 Ne5 35. Rxc5 Qe6 36.
Kg2 Rc8 37. Rdc2 Rxc5 38. Rxc5 Qd7 39. Qh4 Qd3 40. Rc3 Qb1 41. Bd4 Nf3 42. Rxf3 exf3+ 43. Kxf3 Qd3+ 44. Be3 Qd5+ 45. Ke2 Rc8 46. Qb4 Rc2+ 47. Ke1 Qh1# 0-1

[Event "*** Titled Tuesday Blitz"]
[Site "Chess.com"]
[Date "2020.04.28"]
[Round "1"]
[White "INLOVEWITHF"]
[Black "quesfr"]
[Result "0-1"]
[WhiteElo "2526"]
[BlackElo "2217"]
[TimeControl "180+1"]
[EndTime "10:07:35 PDT"]
[Termination "quesfr won by resignation"]

1. e4 e6 2. d4 d5 3. Nc3 Nf6 4. e5 Nfd7 5. f4 c5 6. Nf3 Nc6 7. Be3 Be7 8. Qd2 O-O 9. h4 a6 10. h5 b5 11. h6 g6 12. Nd1 b4 13. Nf2 a5 14. g4 cxd4 15. Nxd4 Nxd4 16. Bxd4 f6 17. Bd3 fxe5 18. fxe5 Bg5 19. Qe2 Nb6 20. Nh3 Nc4 21. Nxg5 Qxg5 22. b3 Rf4 23. bxc4 Rxd4 24. cxd5 exd5 25. Rg1 Ra7 26. a3 Re7 27. Kd1 Rxe5 28.
Qd2 Bxg4+ 29. Kc1 b3 30. Qxg5 Rxg5 31. Kb2 bxc2 32. Kc3 Rxd3+ 33. Kxd3 Bf5+ 34. Kd2 Rh5 35. Rh1 Rxh1 36. Rxh1 Be4 37. Rg1 Kf7 38. Kc3 Kf6 39. Kd4 g5 40. a4 Kg6 41. Kc5 Bf3 42. Kb5 Bd1 43. Kxa5 c1=Q 44. Kb6 Qe3+ 0-1

[Event "*** Titled Tuesday Blitz"]
[Site "Chess.com"]
[Date "2020.04.28"]
[Round "1"]
[White "AlexandraSamaganova"]
[Black "dukicz123"]
[Result "0-1"]
[WhiteElo "2073"]
[BlackElo "2502"]
[TimeControl "180+1"]
[EndTime "10:07:35 PDT"]
[Termination "dukicz123 won by checkmate"]

1. c4 g6 2. Nc3 Bg7 3. g3 d6 4.
Bg2 Nc6 5. e3 e5 6. Nge2 Nge7 7.
O-O O-O 8. d3 f5 9. Rb1 a5 10.
a3 Be6 11. b4 axb4 12. axb4 d5 13. b5 Na5 14. c5 d4 15. Na4 Bd5 16. exd4 Bxg2 17.
Kxg2 exd4 18. Bg5 h6 19. Bxe7 Qxe7 20. Nf4 Qf7 21. h4 g5 22. hxg5 hxg5 23. Nh5 Bh8 24.
Rh1 Rae8 25. Nb2 Qd5+ 26. Qf3 Qxc5 27. Rhc1 Qd6 28. Nc4 Nxc4 29. Rxc4 Be5 30. Qxb7 f4 31. Qc6 f3+ 32. Kg1 Re6 33. Qxd6 Bxd6 34. b6 cxb6 35. Rxb6 Rd8 36. Rb1 Rh6 37. g4 Re6 38. Ng3 Bxg3 39. fxg3 Re2 40. Rb6 Rf8 41. Rg6+ Kh7 42. Rxg5 f2+ 43.
Kg2 f1=Q# 0-1

[Event "*** Titled Tuesday Blitz"]
[Site "Chess.com"]
[Date "2020.04.28"]
[Round "1"]
[White "Boudicca64"]
[Black "KinKaiser"]
[Result "0-1"]
[WhiteElo "1904"]
[BlackElo "2480"]
[TimeControl "180+1"]
[EndTime "10:07:35 PDT"]
[Termination "KinKaiser won on time"]

1. d4 d5 2. c4 c6 3. Nf3 Nf6 4. Nc3 dxc4 5. e3 b5 6. a4 b4 7.
Na2 a5 8. Bxc4 e6 9. O-O Ba6 10.
Qe2 Bxc4 11. Qxc4 Qd5 12. Nd2 Be7 13. b3 Nbd7 14. Bb2 Nb6 15. Qd3 O-O 16. e4 Qd7 17. Qe3 Rac8 18. Rac1 Rfd8 19. Rc2 Qb7 20. Nf3 Nbd7 21.
e5 Nd5 22. Qe4 c5 23. Nc1 cxd4 24. Bxd4 Rxc2 25. Qxc2 Rc8 26. Qe4 Nc5 27. Bxc5 Rxc5 28. Nd3 Rc3 29. Nd4 Rc8 30. Rc1 Rxc1+ 31. Nxc1 Qc7 32. Qc2 Qxe5 33. Qc8+ Bf8 34. Nce2 Nc3 35. Nc6 Nxe2+ 36. Kf1 Qd6 37. Kxe2 g6 38. Kf1 Kg7 39.
g3 Be7 40. Nxe7 Qxe7 41. Qa8 Qc5 42. Qa6 Qc3 0-1

[Event "*** Titled Tuesday Blitz"]
[Site "Chess.com"]
[Date "2020.04.28"]
[Round "1"]
[White "Jospem"]
[Black "SARGISMV"]
[Result "0-1"]
[WhiteElo "2834"]
[BlackElo "2451"]
[TimeControl "180+1"]
[EndTime "10:07:36 PDT"]
[Termination "SARGISMV won on time"]

1. c4 Nf6 2. Nf3 c5 3. g3 Nc6 4. Bg2 g6 5. O-O Bg7 6. Nc3 O-O 7. d4 cxd4 8. Nxd4 Ng4 9. e3 d6 10. b3 Nxd4 11. exd4 Nh6 12. Bxh6 Bxh6 13. b4 Rb8 14. a4 a5 15. b5 Bg7 16. Qd2 Be6 17. Nd5 Bxd5 18.
Bxd5 Qb6 19. Rfd1 Rbc8 20. Rac1 e6 21. Bf3 Rc7 22. c5 dxc5 23. dxc5 Rxc5 24. Rxc5 Qxc5 25. Bxb7 Bc3 26. Qd3 Qb4 27. Rc1 Bd4 28. Kg2 e5 29. Rc4 Qb2 30. Rc2 Qb4 31. Bd5 Qxa4 32. Rc7 Bb6 33. Rc4 Qa1 34. Qf3 Kg7 35. Rc6 Qd4 36.
Qf6+ Kg8 37. Bxf7+ Rxf7 38. Rc8+ Bd8 39. Rxd8+ Qxd8 40. Qxd8+ Kg7 0-1

[Event "*** Titled Tuesday Blitz"]
[Site "Chess.com"]
[Date "2020.04.28"]
[Round "1"]
[White "Akhayan"]
[Black "agus_k"]
[Result "1/2-1/2"]
[WhiteElo "2295"]
[BlackElo "2603"]
[TimeControl "180+1"]
[EndTime "10:07:36 PDT"]
[Termination "Game drawn by repetition"]

1. d4 Nf6 2. Nf3 e6 3. g3 g6 4. Bg2 Bg7 5. O-O O-O 6. c4 d6 7. Nc3 Nbd7 8. e4 h6 9. h3 e5 10. dxe5 dxe5 11. Nd5 c6 12. Nxf6+ Qxf6 13. b3 Rd8 14.
Qe2 Nc5 15. Bb2 Qe7 16. Ba3 b6 17. Rad1 Be6 18. Rxd8+ Rxd8 19. Rd1 Rd6 20. Bxc5 Rxd1+ 21. Qxd1 Qxc5 22. Qd2 Bf8 23. Kh2 Qd6 24. Qxd6 Bxd6 25. Ne1 Bc5 26. Nd3 Bd4 27. f4 f6 28. Bf3 b5 29.
cxb5 cxb5 30. Bg4 f5 31. Bf3 exf4 32. Nxf4 Bf7 33. exf5 g5 34. Ne6 Be5 35. Be2 b4 36. Bc4 Kh8 37. Kg2 Be8 38. Bd5 Bb5 39. g4 Bd3 40. Nc5 Bb1 41. Nd7 Bd6 42. f6 Bxa2 43.
f7 Kg7 44. Kf3 Bb1 45. Ke3 Bg6 46. f8=Q+ Bxf8 47. Nxf8 Kxf8 48. Kd4 Be8 49. Kc5 a5 50. Kb6 a4 51. bxa4 Bxa4 52. Ka5 Bd1 53. Kxb4 Be2 54. Bg2 Ke7 55. Kc5 Ke6 56. Kd4 Kf6 57. Ke3 Bd1 58. Kf2 Ke5 59. Kg3 Kd4 60. h4 Ke3 61. hxg5 hxg5 62. Bc6 Bc2 63. Bd7 Be4 64. Bc8 Ke2 65.
Bd7 Kd3 66. Bf5 Kd4 67. Bxe4 Kxe4 68. Kg2 Ke3 69. Kg3 Ke2 70. Kg2 Kd3 71. Kf3 Kd4 72. Kf2 Ke4 73. Kg2 Ke3 74. Kg3 Kd2 75. Kf2 Kd3 76.
Kf3 Kd4 77. Kf2 Ke4 78. Kg2 1/2-1/2

[Event "*** Titled Tuesday Blitz"]
[Site "Chess.com"]
[Date "2020.04.28"]
[Round "1"]
[White "Rumpel-VK"]
[Black "mfwagnerpeixoto"]
[Result "1-0"]
[WhiteElo "2526"]
[BlackElo "2146"]
[TimeControl "180+1"]
[EndTime "10:07:36 PDT"]
[Termination "Rumpel-VK won by resignation"]

1. e4 c5 2. g3 d6 3. Bg2 g6 4. d3 Bg7 5. f4 Nc6 6. Nf3 Nf6 7.
O-O O-O 8. c3 Bg4 9. h3 Bxf3 10.
Qxf3 Rb8 11. Kh2 e6 12. Be3 Qc7 13. Bg1 b5 14. e5 dxe5 15. Qxc6 Qxc6 16. Bxc6 exf4 17.
Bxc5 Rfd8 18. Rxf4 Nh5 19. Rf3 b4 20. d4 bxc3 21.
bxc3 Rb2+ 22. Kg1 Rc8 23. Be4 f5 24. Bd3 Nf6 25. Na3 Nd5 26. Nc4 Rbb8 27. Nd6 Rc7 28. Bc4 Nxc3 29. Rxc3 Rxc5 30. Bxe6+ Kf8 31. dxc5 Bxc3 32.
Rc1 Bd4+ 33. Kh1 Ke7 34. Bxf5 Bxc5 35. Nc8+ Kf6 36. Rxc5 gxf5 37. Nxa7 Rb1+ 38. Kg2 Rb2+ 39. Kf3 Rxa2 40. Nb5 Ra4 41. Nd6 Ra3+ 42. Kf4 Ra4+ 43. Nc4 Ke6 44. Re5+ Kd7 45. Rc5 Ke6 46. h4 h6 47.
Re5+ Kd7 48. Rc5 Ke6 49. Re5+ Kd7 50. Rd5+ Ke6 51. Rd6+ Ke7 52. Rxh6 Rxc4+ 53. Kxf5 Rc5+ 54. Kg4 Kf7 55. Ra6 Rd5 56. h5 Kg7 57. Kh4 Rd2 58.
g4 Rd5 59. Ra7+ Kh6 60. g5+ Rxg5 61. Ra6+ 1-0